Texas Stars vs Boisbriand Armada

Created - 17 avril 2024 at 09:03

Goals
1 2 3 T
Texas Stars 4 0 5 9
Boisbriand Armada 2 0 2 4
Shots
1 2 3 T
Texas Stars 24 2 17 43
Boisbriand Armada 13 7 9 29

GoalsPenalties
1st period
1. Texas Stars , Spencer Smallman 46 (Alan Quine 78, Cedric Pare 75) at 5:55
2. Texas Stars , Laurent Dauphin 68 (Joona Luoto 75, Glenn Gawdin 94) at 5:59
3. Boisbriand Armada , Nolan Patrick 52 (Alexander Holtz 104, Roby Jarventie 62) at 9:50
4. Boisbriand Armada , Alexander Holtz 89 (AJ Greer 84, Dylan Gambrell 90) at 11:24 (PP)
5. Texas Stars , Joseph Cramarossa 34 (Matthew Strome 20, Luke Johnson 35) at 14:29
6. Texas Stars , Joona Luoto 67 (Laurent Dauphin 81) at 19:47
Dylan Gambrell (ARM) for Roughing (Minor) at 3:24
Roby Jarventie (ARM) for Tripping (Minor) at 6:02
Wyatte Wylie (ARM) for Fighting (Major) at 9:58
Joona Luoto (STA) for Fighting (Major) at 9:58
Joseph Cramarossa (STA) for Tripping (Minor) at 11:13
Adam Klapka (ARM) for Fighting (Major) at 19:31
Glenn Gawdin (STA) for Fighting (Major) at 19:31
2nd period
No Goal
No Penalty
3rd period
7. Texas Stars , Joseph Cramarossa 35 (Xavier Simoneau 76, Jon Lizotte 37) at 0:48
8. Boisbriand Armada , Alexander Holtz 90 (Adam Klapka 57) at 2:47
9. Texas Stars , Xavier Simoneau 38 (Cedric Pare 76, Jon Lizotte 38) at 4:02
10. Boisbriand Armada , Henry Bowlby 18 (Samuel Houde 18) at 7:06
11. Texas Stars , Cedric Pare 50 (Connor Corcoran 30, Alan Quine 79) at 9:33
12. Texas Stars , Joona Luoto 68 (Connor Corcoran 31, Spencer Smallman 44) at 14:10
13. Texas Stars , Joseph Cramarossa 36 (Josh Jacobs 26, Connor Corcoran 32) at 18:02
Maxence Guenette (ARM) for Fighting (Major) at 0:53
Louis Crevier (STA) for Fighting (Major) at 0:53
Louis Crevier (STA) for instigated a fight (Minor) at 0:53
Louis Crevier (STA) for instigated a fight (10 Minutes Misconduct) at 0:53
Dylan Gambrell (ARM) for Interference (Minor) at 1:19
Adam Klapka (ARM) for Fighting (Major) at 11:09
Jon Lizotte (STA) for Fighting (Major) at 11:09
Jacob Larsson (ARM) for Fighting (Major) at 15:48
Tobie Paquette-Bisson (STA) for Fighting (Major) at 15:48
Roby Jarventie (ARM) for Fighting (Major) at 16:46
Jon Lizotte (STA) for Fighting (Major) at 16:46
Mason Primeau (ARM) for Fighting (Major) at 19:47
Spencer Smallman (STA) for Fighting (Major) at 19:47
Mason Primeau (ARM) for instigated a fight (Minor) at 19:47
Mason Primeau (ARM) for instigated and being the aggresor in a fight (20 Minutes Game Misconduct) at 19:47
Goalie Stats
Hunter Shepard (STA), 25 saves from 29 shots - (0,862), W, 29-16-6, 60:00 minutes
Christopher Gibson (ARM), 34 saves from 43 shots - (0,791), L, 8-8-0, 60:00 minutes
3 StarsOfficial
1 - Joseph Cramarossa (STA)
2 - Connor Corcoran (STA)
3 - Cedric Pare (STA)
Referees : Brandon Blandina and Chris Schlenker
Linesman : Kyle Flemington and Brian Murphy
Game Note
Wyatte Wylie beats up Joona Luoto at 9:58 of 1st period
Adam Klapka beats up Glenn Gawdin at 19:31 of 1st period
Maxence Guenette and Louis Crevier fight to a draw at 0:53 of 3rd period
2:47 of 3rd period - Boisbriand Armada goal is going for a video replay. After video review, Goal.
Adam Klapka beats up Jon Lizotte at 11:09 of 3rd period
Jacob Larsson and Tobie Paquette-Bisson fight to a draw at 15:48 of 3rd period
Roby Jarventie and Jon Lizotte fight to a draw at 16:46 of 3rd period
Joseph Cramarossa has scored a Hat Trick!
Mason Primeau beats up Spencer Smallman at 19:47 of 3rd period
Mason Primeau (ARM) for instigated and being the aggresor in a fight (20 Minutes Game Misconduct) at 19:47
Mason Primeau ejected from game at 19:47 of 3rd period
Mason Primeau from Boisbriand Armada is suspended for 3 game(s)
Finance
Level 1 -- Attendance: 1496 (74,80%) -- Ticket Income $52,360
Level 2 -- Attendance: 947 (94,70%) -- Ticket Income $14,205
Total Attendance: 2443 (81,43%)
Total Ticket Income: $66,565
Other Income: $32,617
Total Income: $99,182



Team Name Goals Shots Shots Attemp Shots Blocked PIM HIT PP PK FO%
Texas Stars 943921049150 / 4 (0%)159%
Boisbriand Armada 429552063201 / 2 (50%)041%

Texas Stars
Player Name POS G A P +/- PIM HIT SHT SB MP PP MP PP SHT PK MP PK SHT FO% FOT GA TA
Alan QuineC/LW0222022018:522:2500:00067% 320
Cale FleuryD0001020227:082:2900:3700% 000
Cedric PareC1232013119:022:2500:00056% 900
Connor CorcoranD0335013114:450:0000:2600% 000
Glenn GawdinC/RW0110518024:212:1110:37064% 3311
James GreenwayC/LW/RW/D0002001012:430:0000:000100% 101
Jon LizotteD02211011218:092:0700:0000% 001
Joona LuotoLW/RW2132503017:032:1100:00033% 311
Joseph CramarossaC/LW3033217012:580:0000:0000% 000
Josh JacobsD0113011117:520:0000:0000% 010
Laurent DauphinC/LW/RW1121016021:282:1100:37050% 411
Louis CrevierD00011710015:592:2900:1100% 001
Luke JohnsonC011100008:520:0000:0000% 300
Matthew StromeLW011100118:520:0000:0000% 000
Olivier GalipeauD000000006:100:0000:0000% 000
Spencer SmallmanRW1121531017:361:5900:000100% 110
Tobie Paquette-BissonD0001503218:322:0710:0000% 000
Xavier SimoneauC1124003017:200:2600:00067% 900
Boisbriand Armada
Player Name POS G A P +/- PIM HIT SHT SB MP PP MP PP SHT PK MP PK SHT FO% FOT GA TA
Adam KlapkaC/RW011-21032317:360:0001:56050% 411
AJ GreerLW/RW011-4036119:550:3712:4300% 010
Alexander HoltzLW/RW213-2013321:210:3711:21050% 200
Darren RaddyshD000-4022328:050:3702:1500% 011
Donovan SebrangoD000-1000112:210:0000:0000% 000
Dylan GambrellC/RW011-5412018:140:3601:18050% 2800
Henry BowlbyC/LW101101309:570:0001:050100% 101
Jacob LarssonD000-1520119:120:0002:0900% 000
Joel TeasdaleLW/RW000-2016112:530:0000:0400% 110
Kyle MacLeanLW000100007:300:0000:0000% 000
Mason PrimeauC000-22711112:400:0000:00025% 400
Maxence GuenetteD0000500118:490:1101:5500% 010
Nathan LegareRW000-2021012:410:0000:000100% 100
Nolan PatrickC/RW101-2013117:230:0000:17027% 2210
Roby JarventieLW011-1710116:040:0000:2800% 101
Samuel HoudeC011100007:300:0000:00050% 200
Wyatte WylieD000-3510325:480:2602:1500% 002
Yan KuznetsovD000-3000015:420:0000:3800% 001

Texas Stars

5 vs 5 Forward
Line #Left WingCenterRight WingPHYDFOFWanted %Time %Time Play
1Laurent DauphinGlenn GawdinJoona Luoto1224032%17:12
2Alan QuineCedric PareSpencer Smallman1223031%16:22
3Joseph CramarossaXavier SimoneauJames Greenway1222020%10:48
4Matthew StromeLuke JohnsonGlenn Gawdin1221017%8:52
5 vs 5 Defense
Line #DefenseDefensePHYDFOFWanted %Time %Time Play
1Cale FleuryLouis Crevier1224038%20:23
2Jon LizotteTobie Paquette-Bisson1223034%18:11
3Josh JacobsConnor Corcoran1222022%11:37
4Olivier GalipeauCale Fleury122106%3:03
Power Play Forward
Line #Left WingCenterRight WingPHYDFOFWanted %Time %Time Play
1Laurent DauphinGlenn GawdinJoona Luoto1226047%2:11
2Alan QuineCedric PareSpencer Smallman1224053%2:25
Power Play Defense
Line #DefenseDefensePHYDFOFWanted %Time %Time Play
1Cale FleuryLouis Crevier1226054%2:29
2Jon LizotteTobie Paquette-Bisson1224046%2:07
Penalty Kill 4 Players Forward
Line #CenterWingPHYDFOFWanted %Time %Time Play
1Glenn GawdinLaurent Dauphin12260100%0:37
2Cedric PareAlan Quine122400%0:00
Penalty Kill 4 Players Defense
Line #DefenseDefensePHYDFOFWanted %Time %Time Play
1Cale FleuryLouis Crevier12260100%0:37
2Jon LizotteTobie Paquette-Bisson122400%0:00
Penalty Kill 3 Players
Line #WingPHYDFOFWanted %Time %Time PlayDefenseDefensePHYDFOFWanted %Time %Time Play
1Glenn Gawdin122600%0:00 Cale FleuryLouis Crevier122600%0:00
2Laurent Dauphin122400%0:00 Jon LizotteTobie Paquette-Bisson122400%0:00
4 vs 4 Forward
Line #CenterWingPHYDFOFWanted %Time %Time Play
1Glenn GawdinLaurent Dauphin1226095%1:28
2Cedric PareAlan Quine122405%0:05
4 vs 4 Defense
Line #DefensePHYDFOFWanted %Time %Time Play
1Cale FleuryLouis Crevier1226095%60% - 1:28
2Jon LizotteTobie Paquette-Bisson122405%40% - 0:05
Last Minutes Offensive
Left WingCenterRight WingDefenseDefense
Laurent DauphinGlenn GawdinJoona LuotoCale FleuryLouis Crevier
Last Minutes Defensive
Left WingCenterRight WingDefenseDefense
Laurent DauphinGlenn GawdinJoona LuotoCale FleuryLouis Crevier
Time
Total ForwardTotal DefenseLast Minutes OffensiveLast Minutes Defensive
60:00 60:00 0:000:00
Extra Forwards
Normal PowerPlayPenalty Kill
Xavier Simoneau, Joseph Cramarossa, James GreenwayXavier Simoneau, Joseph CramarossaJames Greenway
Extra Defensemen
Normal PowerPlayPenalty Kill
Josh Jacobs, Connor Corcoran, Olivier GalipeauJosh Jacobs, Connor CorcoranOlivier Galipeau
Penalty Shots
Glenn Gawdin, Laurent Dauphin, Cedric Pare, Alan Quine, Joona Luoto
Goalie
Hunter Shepard, Malcolm Subban
Scratches
Strauss Mann (Healthy)

Boisbriand Armada

5 vs 5 Forward
Line #Left WingCenterRight WingPHYDFOFWanted %Time %Time Play
1AJ GreerDylan GambrellAdam Klapka1223531%16:21
2Roby JarventieNolan PatrickAlexander Holtz1223531%16:42
3Joel TeasdaleMason PrimeauNathan Legare1222024%12:41
4Henry BowlbySamuel HoudeKyle MacLean1221014%7:30
5 vs 5 Defense
Line #DefenseDefensePHYDFOFWanted %Time %Time Play
1Wyatte WylieDarren Raddysh1224039%20:54
2Jacob LarssonMaxence Guenette1223033%17:47
3Yan KuznetsovDonovan Sebrango1222023%12:21
4Wyatte WylieDarren Raddysh122104%2:12
Power Play Forward
Line #Left WingCenterRight WingPHYDFOFWanted %Time %Time Play
1AJ GreerDylan GambrellAlexander Holtz12260100%0:37
2Roby JarventieAdam KlapkaDylan Gambrell122400%0:00
Power Play Defense
Line #DefenseDefensePHYDFOFWanted %Time %Time Play
1Wyatte WylieDarren Raddysh12260100%0:37
2Jacob LarssonMaxence Guenette122400%0:00
Penalty Kill 4 Players Forward
Line #CenterWingPHYDFOFWanted %Time %Time Play
1Dylan GambrellAJ Greer1226071%3:15
2Adam KlapkaRoby Jarventie1224029%1:21
Penalty Kill 4 Players Defense
Line #DefenseDefensePHYDFOFWanted %Time %Time Play
1Wyatte WylieDarren Raddysh1226049%2:15
2Jacob LarssonMaxence Guenette1224051%2:21
Penalty Kill 3 Players
Line #WingPHYDFOFWanted %Time %Time PlayDefenseDefensePHYDFOFWanted %Time %Time Play
1Dylan Gambrell122600%0:00 Wyatte WylieDarren Raddysh122600%0:00
2Adam Klapka122400%0:00 Jacob LarssonMaxence Guenette122400%0:00
4 vs 4 Forward
Line #CenterWingPHYDFOFWanted %Time %Time Play
1Dylan GambrellAJ Greer12260100%1:33
2Adam KlapkaRoby Jarventie122400%0:00
4 vs 4 Defense
Line #DefensePHYDFOFWanted %Time %Time Play
1Wyatte WylieDarren Raddysh1226095%60% - 1:28
2Jacob LarssonMaxence Guenette122405%40% - 0:05
Last Minutes Offensive
Left WingCenterRight WingDefenseDefense
AJ GreerDylan GambrellAdam KlapkaWyatte WylieDarren Raddysh
Last Minutes Defensive
Left WingCenterRight WingDefenseDefense
AJ GreerDylan GambrellAdam KlapkaWyatte WylieDarren Raddysh
Time
Total ForwardTotal DefenseLast Minutes OffensiveLast Minutes Defensive
60:00 60:00 0:000:00
Extra Forwards
Normal PowerPlayPenalty Kill
Adam Klapka, Alexander Holtz, Henry BowlbyAdam Klapka, Alexander HoltzAdam Klapka
Extra Defensemen
Normal PowerPlayPenalty Kill
Maxence Guenette, Yan Kuznetsov, Jacob LarssonMaxence Guenette, Maxence GuenetteYan Kuznetsov
Penalty Shots
Dylan Gambrell, AJ Greer, Roby Jarventie, Joel Teasdale, Adam Klapka
Goalie
Christopher Gibson, Maxime Lagace
Scratches
Alex Vlasic (Sprained Right Finger Injury), Patrick Giles (Healthy), Kirill Tyutyayev (Healthy), Olivier Rodrigue (Healthy)


Play-by-Play

1st period


0:01 of 1st period - Dylan Gambrell wins face-off versus Joona Luoto in neutral zone.
0:26 of 1st period - Darren Raddysh is hit by Spencer Smallman and loses puck.
0:31 of 1st period - Wrist shot by Alan Quine.
0:31 of 1st period - Shot Misses the Net.
0:58 of 1st period - Snap shot by Nolan Patrick.
0:58 of 1st period - Shot Misses the Net.
1:44 of 1st period - Off-side.
1:45 of 1st period - Dylan Gambrell wins face-off versus Luke Johnson in neutral zone.
2:01 of 1st period - Matthew Strome is hit by Dylan Gambrell and loses puck.
2:18 of 1st period - Snap shot by Samuel Houde.
2:18 of 1st period - Shot Blocked by Cedric Pare.
2:20 of 1st period - Slapshot by Maxence Guenette.
2:20 of 1st period - Shot Misses the Net.
2:59 of 1st period - Snap shot by Glenn Gawdin.
2:59 of 1st period - Shot Misses the Net.
3:06 of 1st period - Icing by Yan Kuznetsov.
3:07 of 1st period - Alan Quine wins face-off versus Mason Primeau in Boisbriand Armada zone.
3:19 of 1st period - Wrist shot by Joel Teasdale.
3:19 of 1st period - Stopped by Hunter Shepard without a rebound.
3:20 of 1st period - Glenn Gawdin wins face-off versus Dylan Gambrell in Texas Stars zone.
3:24 of 1st period - Minor Penalty to Dylan Gambrell for Roughing.
3:25 of 1st period - Adam Klapka wins face-off versus Glenn Gawdin in Boisbriand Armada zone.
3:51 of 1st period - Darren Raddysh is hit by Alan Quine and loses puck.
5:24 of 1st period - Penalty to Dylan Gambrell is over, Dylan Gambrell is back on ice.
5:28 of 1st period - Dylan Gambrell is hit by Cedric Pare.
5:55 of 1st period - Wrist shot by Spencer Smallman.
5:55 of 1st period - Goal by Spencer Smallman - Texas Stars : 1 - Boisbriand Armada : 0.
5:56 of 1st period - Glenn Gawdin wins face-off versus Dylan Gambrell in neutral zone.
5:59 of 1st period - Slapshot by Laurent Dauphin.
5:59 of 1st period - Goal by Laurent Dauphin - Texas Stars : 2 - Boisbriand Armada : 0.
6:00 of 1st period - Nolan Patrick wins face-off versus Joona Luoto in neutral zone.
6:02 of 1st period - Minor Penalty to Roby Jarventie for Tripping.
6:03 of 1st period - Dylan Gambrell wins face-off versus Glenn Gawdin in Boisbriand Armada zone.
6:03 of 1st period - Dylan Gambrell is hit by Laurent Dauphin.
6:18 of 1st period - Wrist shot by Joona Luoto.
6:18 of 1st period - Shot Misses the Net.
6:30 of 1st period - Snap shot by Spencer Smallman.
6:30 of 1st period - Deflect By Alan Quine.
6:30 of 1st period - Shot Misses the Net.
6:30 of 1st period - Puck is out of play.
6:31 of 1st period - Adam Klapka wins face-off versus Cedric Pare in Boisbriand Armada zone.
7:05 of 1st period - Snap shot by Tobie Paquette-Bisson.
7:05 of 1st period - Stopped by Christopher Gibson with a rebound.
7:07 of 1st period - Wrist shot by Joona Luoto.
7:07 of 1st period - Shot Blocked by Adam Klapka.
7:09 of 1st period - Wrist shot by Glenn Gawdin.
7:09 of 1st period - Stopped by Christopher Gibson with a rebound.
8:02 of 1st period - Penalty to Roby Jarventie is over, Roby Jarventie is back on ice.
8:09 of 1st period - Off-side.
8:10 of 1st period - Xavier Simoneau wins face-off versus Mason Primeau in neutral zone.
8:41 of 1st period - Wrist shot by Glenn Gawdin.
8:41 of 1st period - Stopped by Christopher Gibson without a rebound.
8:42 of 1st period - Alexander Holtz wins face-off versus Luke Johnson in Boisbriand Armada zone.
8:47 of 1st period - Snap shot by Glenn Gawdin.
8:47 of 1st period - Deflect By Matthew Strome.
8:47 of 1st period - Stopped by Christopher Gibson without a rebound.
8:48 of 1st period - Glenn Gawdin wins face-off versus Nolan Patrick in Boisbriand Armada zone.
8:51 of 1st period - Wrist shot by Laurent Dauphin.
8:51 of 1st period - Shot Misses the Net.
8:53 of 1st period - Slapshot by Tobie Paquette-Bisson.
8:53 of 1st period - Stopped by Christopher Gibson with a rebound.
8:55 of 1st period - Slapshot by Tobie Paquette-Bisson.
8:55 of 1st period - Shot Blocked by Roby Jarventie.
8:57 of 1st period - Wrist shot by Laurent Dauphin.
8:57 of 1st period - Stopped by Christopher Gibson with a rebound.
8:59 of 1st period - Slapshot by Laurent Dauphin.
8:59 of 1st period - Shot Blocked by Alexander Holtz.
9:01 of 1st period - Snap shot by Laurent Dauphin.
9:01 of 1st period - Deflect By Joona Luoto.
9:01 of 1st period - Shot Misses the Net.
9:01 of 1st period - Puck is out of play.
9:02 of 1st period - Dylan Gambrell wins face-off versus Glenn Gawdin in Boisbriand Armada zone.
9:07 of 1st period - Snap shot by Dylan Gambrell.
9:07 of 1st period - Stopped by Hunter Shepard with a rebound.
9:13 of 1st period - Snap shot by AJ Greer.
9:13 of 1st period - Shot Misses the Net.
9:15 of 1st period - Snap shot by Darren Raddysh.
9:15 of 1st period - Stopped by Hunter Shepard with a rebound.
9:17 of 1st period - Wrist shot by AJ Greer.
9:17 of 1st period - Stopped by Hunter Shepard without a rebound.
9:18 of 1st period - Cedric Pare wins face-off versus Nolan Patrick in Texas Stars zone.
9:18 of 1st period - Cedric Pare is hit by Roby Jarventie.
9:26 of 1st period - Wrist shot by Cedric Pare.
9:26 of 1st period - Stopped by Christopher Gibson without a rebound.
9:27 of 1st period - Cedric Pare wins face-off versus Nolan Patrick in Boisbriand Armada zone.
9:28 of 1st period - Snap shot by Alan Quine.
9:28 of 1st period - Shot Misses the Net.
9:48 of 1st period - Snap shot by Alexander Holtz.
9:48 of 1st period - Stopped by Hunter Shepard with a rebound.
9:50 of 1st period - Snap shot by Nolan Patrick.
9:50 of 1st period - Goal by Nolan Patrick - Texas Stars : 2 - Boisbriand Armada : 1.
9:51 of 1st period - Glenn Gawdin wins face-off versus Dylan Gambrell in neutral zone.
9:53 of 1st period - Off-side.
9:54 of 1st period - Joona Luoto wins face-off versus Dylan Gambrell in neutral zone.
9:58 of 1st period - Wyatte Wylie beats up Joona Luoto.
9:58 of 1st period - Penalty to Wyatte Wylie for Fighting.
9:58 of 1st period - Penalty to Joona Luoto for Fighting.
9:59 of 1st period - Dylan Gambrell wins face-off versus Glenn Gawdin in Texas Stars zone.
10:00 of 1st period - Wrist shot by AJ Greer.
10:00 of 1st period - Stopped by Hunter Shepard with a rebound.
10:24 of 1st period - Cedric Pare is hit by Darren Raddysh and loses puck.
10:54 of 1st period - Wrist shot by Joseph Cramarossa.
10:54 of 1st period - Stopped by Christopher Gibson with a rebound.
11:04 of 1st period - Snap shot by Glenn Gawdin.
11:04 of 1st period - Shot Misses the Net.
11:06 of 1st period - Slapshot by Glenn Gawdin.
11:06 of 1st period - Stopped by Christopher Gibson without a rebound.
11:07 of 1st period - Glenn Gawdin wins face-off versus Samuel Houde in Boisbriand Armada zone.
11:13 of 1st period - Minor Penalty to Joseph Cramarossa for Tripping.
11:14 of 1st period - Dylan Gambrell wins face-off versus Glenn Gawdin in Texas Stars zone.
11:16 of 1st period - Slapshot by AJ Greer.
11:16 of 1st period - Stopped by Hunter Shepard with a rebound.
11:18 of 1st period - Snap shot by Alexander Holtz.
11:18 of 1st period - Shot Misses the Net.
11:20 of 1st period - Snap shot by AJ Greer.
11:20 of 1st period - Shot Blocked by Cale Fleury.
11:22 of 1st period - Slapshot by Alexander Holtz.
11:22 of 1st period - Shot Blocked by Cale Fleury.
11:24 of 1st period - Wrist shot by Alexander Holtz.
11:24 of 1st period - Goal by Alexander Holtz - Texas Stars : 2 - Boisbriand Armada : 2.
11:25 of 1st period - Dylan Gambrell wins face-off versus Glenn Gawdin in neutral zone.
12:14 of 1st period - Snap shot by Laurent Dauphin.
12:14 of 1st period - Stopped by Christopher Gibson with a rebound.
12:16 of 1st period - Slapshot by Cale Fleury.
12:16 of 1st period - Shot Blocked by Donovan Sebrango.
12:50 of 1st period - Wrist shot by Laurent Dauphin.
12:50 of 1st period - Shot Misses the Net.
12:52 of 1st period - Snap shot by Laurent Dauphin.
12:52 of 1st period - Stopped by Christopher Gibson without a rebound.
12:53 of 1st period - Dylan Gambrell wins face-off versus Cedric Pare in Boisbriand Armada zone.
13:02 of 1st period - Wrist shot by Cedric Pare.
13:02 of 1st period - Shot Blocked by Jacob Larsson.
13:04 of 1st period - Snap shot by Alan Quine.
13:04 of 1st period - Shot Blocked by Maxence Guenette.
13:06 of 1st period - Snap shot by Alan Quine.
13:06 of 1st period - Shot Blocked by AJ Greer.
13:41 of 1st period - Maxence Guenette is hit by Connor Corcoran and loses puck.
13:48 of 1st period - Josh Jacobs is hit by Darren Raddysh and loses puck.
14:23 of 1st period - Snap shot by Joseph Cramarossa.
14:23 of 1st period - Stopped by Christopher Gibson with a rebound.
14:25 of 1st period - Slapshot by Matthew Strome.
14:25 of 1st period - Shot Misses the Net.
14:27 of 1st period - Wrist shot by Joseph Cramarossa.
14:27 of 1st period - Stopped by Christopher Gibson with a rebound.
14:29 of 1st period - Wrist shot by Joseph Cramarossa.
14:29 of 1st period - Goal by Joseph Cramarossa - Texas Stars : 3 - Boisbriand Armada : 2.
14:30 of 1st period - Cedric Pare wins face-off versus Dylan Gambrell in neutral zone.
15:04 of 1st period - Wrist shot by Glenn Gawdin.
15:04 of 1st period - Shot Misses the Net.
15:06 of 1st period - Slapshot by Glenn Gawdin.
15:06 of 1st period - Stopped by Christopher Gibson without a rebound.
15:07 of 1st period - Nolan Patrick wins face-off versus Laurent Dauphin in Boisbriand Armada zone.
15:14 of 1st period - Snap shot by Laurent Dauphin.
15:14 of 1st period - Stopped by Christopher Gibson with a rebound.
15:16 of 1st period - Snap shot by Glenn Gawdin.
15:16 of 1st period - Deflect By Joona Luoto.
15:16 of 1st period - Shot Blocked by Alexander Holtz.
15:16 of 1st period - Puck is out of play.
15:17 of 1st period - Glenn Gawdin wins face-off versus Roby Jarventie in Boisbriand Armada zone.
15:31 of 1st period - Wrist shot by Nolan Patrick.
15:31 of 1st period - Shot Misses the Net.
15:33 of 1st period - Slapshot by Wyatte Wylie.
15:33 of 1st period - Deflect By Roby Jarventie.
15:33 of 1st period - Shot Misses the Net.
15:33 of 1st period - Puck is out of play.
15:34 of 1st period - Xavier Simoneau wins face-off versus Dylan Gambrell in Texas Stars zone.
17:07 of 1st period - Icing by Glenn Gawdin.
17:08 of 1st period - Dylan Gambrell wins face-off versus Luke Johnson in Texas Stars zone.
17:11 of 1st period - Slapshot by AJ Greer.
17:11 of 1st period - Shot Blocked by Jon Lizotte.
17:37 of 1st period - Slapshot by Dylan Gambrell.
17:37 of 1st period - Stopped by Hunter Shepard without a rebound.
17:38 of 1st period - Glenn Gawdin wins face-off versus Nolan Patrick in Texas Stars zone.
17:38 of 1st period - Glenn Gawdin is hit by Nolan Patrick.
17:49 of 1st period - Icing by Joona Luoto.
17:50 of 1st period - Glenn Gawdin wins face-off versus Nolan Patrick in Texas Stars zone.
18:08 of 1st period - Backhand shot by Joona Luoto.
18:08 of 1st period - Shot Blocked by Darren Raddysh.
18:10 of 1st period - Slapshot by Connor Corcoran.
18:10 of 1st period - Shot Misses the Net.
18:12 of 1st period - Slapshot by Glenn Gawdin.
18:12 of 1st period - Stopped by Christopher Gibson with a rebound.
18:14 of 1st period - Wrist shot by Glenn Gawdin.
18:14 of 1st period - Shot Blocked by Wyatte Wylie.
18:16 of 1st period - Slapshot by Laurent Dauphin.
18:16 of 1st period - Shot Misses the Net.
18:18 of 1st period - Slapshot by Josh Jacobs.
18:18 of 1st period - Shot Misses the Net.
18:20 of 1st period - Snap shot by Laurent Dauphin.
18:20 of 1st period - Shot Blocked by Nolan Patrick.
18:22 of 1st period - Snap shot by Joona Luoto.
18:22 of 1st period - Deflect By Darren Raddysh.
18:22 of 1st period - Stopped by Christopher Gibson with a rebound.
18:24 of 1st period - Wrist shot by Laurent Dauphin.
18:24 of 1st period - Stopped by Christopher Gibson with a rebound.
18:30 of 1st period - Snap shot by Glenn Gawdin.
18:30 of 1st period - Stopped by Christopher Gibson with a rebound.
18:32 of 1st period - Wrist shot by Glenn Gawdin.
18:32 of 1st period - Shot Blocked by Darren Raddysh.
18:34 of 1st period - Slapshot by Connor Corcoran.
18:34 of 1st period - Stopped by Christopher Gibson without a rebound.
18:35 of 1st period - Alan Quine wins face-off versus Dylan Gambrell in Boisbriand Armada zone.
19:12 of 1st period - Snap shot by Joel Teasdale.
19:12 of 1st period - Stopped by Hunter Shepard with a rebound.
19:19 of 1st period - Icing by Cale Fleury.
19:20 of 1st period - Samuel Houde wins face-off versus Xavier Simoneau in Texas Stars zone.
19:27 of 1st period - Snap shot by AJ Greer.
19:27 of 1st period - Stopped by Hunter Shepard with a rebound.
19:29 of 1st period - Wrist shot by AJ Greer.
19:29 of 1st period - Deflect By Adam Klapka.
19:29 of 1st period - Shot Misses the Net.
19:29 of 1st period - Puck is out of play.
19:30 of 1st period - Dylan Gambrell wins face-off versus Glenn Gawdin in Texas Stars zone.
19:31 of 1st period - Snap shot by AJ Greer.
19:31 of 1st period - Stopped by Hunter Shepard without a rebound.
19:31 of 1st period - Adam Klapka beats up Glenn Gawdin.
19:31 of 1st period - Penalty to Adam Klapka for Fighting.
19:31 of 1st period - Penalty to Glenn Gawdin for Fighting.
19:32 of 1st period - Dylan Gambrell wins face-off versus Xavier Simoneau in Texas Stars zone.
19:43 of 1st period - Snap shot by Joona Luoto.
19:43 of 1st period - Shot Blocked by Alexander Holtz.
19:45 of 1st period - Wrist shot by Laurent Dauphin.
19:45 of 1st period - Shot Misses the Net.
19:47 of 1st period - Snap shot by Joona Luoto.
19:47 of 1st period - Goal by Joona Luoto - Texas Stars : 4 - Boisbriand Armada : 2.
19:48 of 1st period - Laurent Dauphin wins face-off versus Nolan Patrick in neutral zone.
19:55 of 1st period - Wrist shot by Laurent Dauphin.
19:55 of 1st period - Shot Misses the Net.
Goals for this period are 4 for Texas Stars vs 2 for Boisbriand Armada.
Shots for this period are 24 for Texas Stars vs 13 for Boisbriand Armada.

2nd period


0:01 of 2nd period - Cedric Pare wins face-off versus Nolan Patrick in neutral zone.
0:12 of 2nd period - Wrist shot by Alexander Holtz.
0:12 of 2nd period - Shot Blocked by Tobie Paquette-Bisson.
0:26 of 2nd period - Laurent Dauphin is hit by AJ Greer and loses puck.
0:34 of 2nd period - Icing by Joona Luoto.
0:35 of 2nd period - Mason Primeau wins face-off versus Xavier Simoneau in Texas Stars zone.
0:48 of 2nd period - Wrist shot by Joel Teasdale.
0:48 of 2nd period - Stopped by Hunter Shepard with a rebound.
1:00 of 2nd period - Alexander Holtz is hit by Alan Quine and loses puck.
1:27 of 2nd period - Wrist shot by Henry Bowlby.
1:27 of 2nd period - Shot Blocked by Tobie Paquette-Bisson.
1:29 of 2nd period - Slapshot by Darren Raddysh.
1:29 of 2nd period - Shot Blocked by Matthew Strome.
2:04 of 2nd period - Nolan Patrick is hit by Cale Fleury and loses puck.
2:28 of 2nd period - Cale Fleury is hit by Jacob Larsson and loses puck.
3:08 of 2nd period - Off-side.
3:09 of 2nd period - Cedric Pare wins face-off versus Nolan Patrick in neutral zone.
3:15 of 2nd period - Icing by Roby Jarventie.
3:16 of 2nd period - Nolan Patrick wins face-off versus Alan Quine in Boisbriand Armada zone.
3:35 of 2nd period - Roby Jarventie is hit by Spencer Smallman and loses puck.
4:36 of 2nd period - Snap shot by Alexander Holtz.
4:36 of 2nd period - Shot Misses the Net.
4:38 of 2nd period - Wrist shot by Roby Jarventie.
4:38 of 2nd period - Shot Misses the Net.
4:40 of 2nd period - Slapshot by Darren Raddysh.
4:40 of 2nd period - Deflect By Nolan Patrick.
4:40 of 2nd period - Deflect By Cedric Pare.
4:40 of 2nd period - Shot Blocked by Connor Corcoran.
4:40 of 2nd period - Puck is out of play.
4:41 of 2nd period - Dylan Gambrell wins face-off versus Glenn Gawdin in Texas Stars zone.
5:55 of 2nd period - Snap shot by Joel Teasdale.
5:55 of 2nd period - Stopped by Hunter Shepard without a rebound.
5:56 of 2nd period - Xavier Simoneau wins face-off versus Joel Teasdale in Texas Stars zone.
6:11 of 2nd period - Xavier Simoneau is hit by Mason Primeau and loses puck.
6:22 of 2nd period - Joona Luoto is hit by Adam Klapka and loses puck.
7:25 of 2nd period - Laurent Dauphin is hit by Adam Klapka and loses puck.
8:05 of 2nd period - Snap shot by Henry Bowlby.
8:05 of 2nd period - Stopped by Hunter Shepard with a rebound.
8:33 of 2nd period - Slapshot by AJ Greer.
8:33 of 2nd period - Stopped by Hunter Shepard with a rebound.
10:05 of 2nd period - Jon Lizotte is hit by Jacob Larsson and loses puck.
11:18 of 2nd period - Snap shot by Nathan Legare.
11:18 of 2nd period - Deflect By Joel Teasdale.
11:18 of 2nd period - Shot Misses the Net.
11:18 of 2nd period - Puck is out of play.
11:19 of 2nd period - Xavier Simoneau wins face-off versus Nolan Patrick in Texas Stars zone.
12:06 of 2nd period - Jon Lizotte is hit by Nathan Legare and loses puck.
12:13 of 2nd period - Mason Primeau is hit by Jon Lizotte and loses puck.
12:28 of 2nd period - Wrist shot by Joel Teasdale.
12:28 of 2nd period - Shot Misses the Net.
13:07 of 2nd period - Snap shot by Joel Teasdale.
13:07 of 2nd period - Shot Misses the Net.
13:25 of 2nd period - Snap shot by Joel Teasdale.
13:25 of 2nd period - Stopped by Hunter Shepard without a rebound.
13:26 of 2nd period - James Greenway wins face-off versus Dylan Gambrell in Texas Stars zone.
13:51 of 2nd period - Darren Raddysh is hit by Cale Fleury and loses puck.
13:56 of 2nd period - Wrist shot by Alan Quine.
13:56 of 2nd period - Shot Blocked by Adam Klapka.
13:58 of 2nd period - Wrist shot by Cedric Pare.
13:58 of 2nd period - Stopped by Christopher Gibson without a rebound.
13:59 of 2nd period - Xavier Simoneau wins face-off versus Nolan Patrick in Boisbriand Armada zone.
14:02 of 2nd period - Slapshot by Xavier Simoneau.
14:02 of 2nd period - Stopped by Christopher Gibson with a rebound.
14:31 of 2nd period - Samuel Houde is hit by Spencer Smallman and loses puck.
16:02 of 2nd period - James Greenway is hit by AJ Greer and loses puck.
16:06 of 2nd period - Icing by Tobie Paquette-Bisson.
16:07 of 2nd period - Xavier Simoneau wins face-off versus Dylan Gambrell in Texas Stars zone.
16:20 of 2nd period - Snap shot by Alan Quine.
16:20 of 2nd period - Shot Blocked by Wyatte Wylie.
17:24 of 2nd period - Wrist shot by Nolan Patrick.
17:24 of 2nd period - Stopped by Hunter Shepard with a rebound.
17:26 of 2nd period - Wrist shot by Alexander Holtz.
17:26 of 2nd period - Shot Misses the Net.
18:25 of 2nd period - Wrist shot by Cedric Pare.
18:25 of 2nd period - Shot Misses the Net.
18:39 of 2nd period - Slapshot by Wyatte Wylie.
18:39 of 2nd period - Shot Misses the Net.
19:59 of 2nd period - Snap shot by Henry Bowlby.
19:59 of 2nd period - Stopped by Hunter Shepard with a rebound.
Goals for this period are 0 for Texas Stars vs 0 for Boisbriand Armada.
Shots for this period are 2 for Texas Stars vs 7 for Boisbriand Armada.

3rd period


0:01 of 3rd period - Dylan Gambrell wins face-off versus Glenn Gawdin in neutral zone.
0:48 of 3rd period - Slapshot by Joseph Cramarossa.
0:48 of 3rd period - Goal by Joseph Cramarossa - Texas Stars : 5 - Boisbriand Armada : 2.
0:49 of 3rd period - Glenn Gawdin wins face-off versus Dylan Gambrell in neutral zone.
0:53 of 3rd period - Maxence Guenette and Louis Crevier fight to a draw.
0:53 of 3rd period - Penalty to Maxence Guenette for Fighting.
0:53 of 3rd period - Penalty to Louis Crevier for Fighting.
0:53 of 3rd period - Penalty to Louis Crevier for instigated a fight.
0:53 of 3rd period - Penalty to Louis Crevier for instigated a fight.
0:54 of 3rd period - Glenn Gawdin wins face-off versus Dylan Gambrell in Boisbriand Armada zone.
0:57 of 3rd period - Slapshot by Laurent Dauphin.
0:57 of 3rd period - Shot Misses the Net.
1:19 of 3rd period - Minor Penalty to Dylan Gambrell for Interference.
1:20 of 3rd period - Glenn Gawdin wins face-off versus Adam Klapka in Boisbriand Armada zone.
1:27 of 3rd period - Wrist shot by Adam Klapka.
1:27 of 3rd period - Stopped by Hunter Shepard without a rebound.
1:28 of 3rd period - Glenn Gawdin wins face-off versus Adam Klapka in Texas Stars zone.
2:17 of 3rd period - Slapshot by Laurent Dauphin.
2:17 of 3rd period - Shot Blocked by Wyatte Wylie.
2:45 of 3rd period - Slapshot by Adam Klapka.
2:45 of 3rd period - Stopped by Hunter Shepard with a rebound.
2:47 of 3rd period - Slapshot by Alexander Holtz.
2:47 of 3rd period - Boisbriand Armada goal is going for a video replay.
2:47 of 3rd period - The goal is good.
2:47 of 3rd period - Goal by Alexander Holtz - Texas Stars : 5 - Boisbriand Armada : 3.
2:48 of 3rd period - Henry Bowlby wins face-off versus Cedric Pare in neutral zone.
2:53 of 3rd period - Penalty to Louis Crevier is over, Xavier Simoneau is send on ice.
3:19 of 3rd period - Penalty to Dylan Gambrell is over, Dylan Gambrell is back on ice.
3:26 of 3rd period - Snap shot by Alan Quine.
3:26 of 3rd period - Shot Misses the Net.
3:28 of 3rd period - Slapshot by Tobie Paquette-Bisson.
3:28 of 3rd period - Stopped by Christopher Gibson with a rebound.
3:54 of 3rd period - Slapshot by Xavier Simoneau.
3:54 of 3rd period - Stopped by Christopher Gibson with a rebound.
3:56 of 3rd period - Wrist shot by Alan Quine.
3:56 of 3rd period - Shot Misses the Net.
3:58 of 3rd period - Snap shot by Alan Quine.
3:58 of 3rd period - Shot Misses the Net.
4:00 of 3rd period - Backhand shot by Jon Lizotte.
4:00 of 3rd period - Stopped by Christopher Gibson with a rebound.
4:02 of 3rd period - Snap shot by Cedric Pare.
4:02 of 3rd period - Deflect By Xavier Simoneau.
4:02 of 3rd period - Goal by Xavier Simoneau - Texas Stars : 6 - Boisbriand Armada : 3.
4:03 of 3rd period - Glenn Gawdin wins face-off versus Nolan Patrick in neutral zone.
4:16 of 3rd period - Slapshot by Glenn Gawdin.
4:16 of 3rd period - Stopped by Christopher Gibson with a rebound.
4:28 of 3rd period - Glenn Gawdin is hit by Wyatte Wylie and loses puck.
5:40 of 3rd period - Alan Quine is hit by Adam Klapka.
5:44 of 3rd period - Jon Lizotte is hit by AJ Greer and loses puck.
5:58 of 3rd period - Slapshot by Cedric Pare.
5:58 of 3rd period - Shot Misses the Net.
6:00 of 3rd period - Snap shot by Alan Quine.
6:00 of 3rd period - Shot Misses the Net.
6:15 of 3rd period - Wrist shot by Cedric Pare.
6:15 of 3rd period - Deflect By Spencer Smallman.
6:15 of 3rd period - Shot Misses the Net.
6:15 of 3rd period - Puck is out of play.
6:16 of 3rd period - Laurent Dauphin wins face-off versus Nolan Patrick in Boisbriand Armada zone.
7:04 of 3rd period - Snap shot by Henry Bowlby.
7:04 of 3rd period - Shot Misses the Net.
7:06 of 3rd period - Wrist shot by Henry Bowlby.
7:06 of 3rd period - Goal by Henry Bowlby - Texas Stars : 6 - Boisbriand Armada : 4.
7:07 of 3rd period - Nolan Patrick wins face-off versus Glenn Gawdin in neutral zone.
8:00 of 3rd period - Slapshot by Joel Teasdale.
8:00 of 3rd period - Shot Blocked by Jon Lizotte.
8:02 of 3rd period - Wrist shot by Mason Primeau.
8:02 of 3rd period - Stopped by Hunter Shepard without a rebound.
8:03 of 3rd period - Glenn Gawdin wins face-off versus Nolan Patrick in Texas Stars zone.
8:03 of 3rd period - Glenn Gawdin is hit by Alexander Holtz.
8:28 of 3rd period - Donovan Sebrango is hit by Joseph Cramarossa and loses puck.
8:55 of 3rd period - Wrist shot by Nathan Legare.
8:55 of 3rd period - Stopped by Hunter Shepard without a rebound.
8:56 of 3rd period - Nathan Legare wins face-off versus Cedric Pare in Texas Stars zone.
9:29 of 3rd period - Snap shot by Alan Quine.
9:29 of 3rd period - Stopped by Christopher Gibson with a rebound.
9:31 of 3rd period - Snap shot by Connor Corcoran.
9:31 of 3rd period - Stopped by Christopher Gibson with a rebound.
9:33 of 3rd period - Wrist shot by Cedric Pare.
9:33 of 3rd period - Goal by Cedric Pare - Texas Stars : 7 - Boisbriand Armada : 4.
9:34 of 3rd period - Glenn Gawdin wins face-off versus Nolan Patrick in neutral zone.
9:48 of 3rd period - Slapshot by Darren Raddysh.
9:48 of 3rd period - Deflect By Glenn Gawdin.
9:48 of 3rd period - Stopped by Hunter Shepard with a rebound.
9:50 of 3rd period - Slapshot by Darren Raddysh.
9:50 of 3rd period - Shot Blocked by Josh Jacobs.
10:20 of 3rd period - Wrist shot by Alan Quine.
10:20 of 3rd period - Shot Misses the Net.
10:22 of 3rd period - Backhand shot by Tobie Paquette-Bisson.
10:22 of 3rd period - Deflect By Spencer Smallman.
10:22 of 3rd period - Shot Blocked by Joel Teasdale.
10:22 of 3rd period - Puck is out of play.
10:23 of 3rd period - Spencer Smallman wins face-off versus Mason Primeau in Boisbriand Armada zone.
11:09 of 3rd period - Adam Klapka beats up Jon Lizotte.
11:09 of 3rd period - Penalty to Adam Klapka for Fighting.
11:09 of 3rd period - Penalty to Jon Lizotte for Fighting.
11:10 of 3rd period - Nolan Patrick wins face-off versus Glenn Gawdin in Texas Stars zone.
11:35 of 3rd period - Wyatte Wylie is hit by Josh Jacobs and loses puck.
11:44 of 3rd period - Slapshot by AJ Greer.
11:44 of 3rd period - Shot Misses the Net.
11:54 of 3rd period - Slapshot by Joel Teasdale.
11:54 of 3rd period - Stopped by Hunter Shepard with a rebound.
12:00 of 3rd period - Spencer Smallman is hit by Joel Teasdale and loses puck.
12:21 of 3rd period - Snap shot by Nolan Patrick.
12:21 of 3rd period - Stopped by Hunter Shepard with a rebound.
13:24 of 3rd period - Olivier Galipeau is hit by Henry Bowlby and loses puck.
14:08 of 3rd period - Slapshot by Connor Corcoran.
14:08 of 3rd period - Shot Misses the Net.
14:10 of 3rd period - Wrist shot by Joona Luoto.
14:10 of 3rd period - Goal by Joona Luoto - Texas Stars : 8 - Boisbriand Armada : 4.
14:11 of 3rd period - Glenn Gawdin wins face-off versus Dylan Gambrell in neutral zone.
14:13 of 3rd period - Off-side.
14:14 of 3rd period - Glenn Gawdin wins face-off versus Dylan Gambrell in neutral zone.
15:07 of 3rd period - Snap shot by Connor Corcoran.
15:07 of 3rd period - Shot Blocked by Mason Primeau.
15:09 of 3rd period - Snap shot by Spencer Smallman.
15:09 of 3rd period - Shot Misses the Net.
15:48 of 3rd period - Jacob Larsson and Tobie Paquette-Bisson fight to a draw.
15:48 of 3rd period - Penalty to Jacob Larsson for Fighting.
15:48 of 3rd period - Penalty to Tobie Paquette-Bisson for Fighting.
15:49 of 3rd period - Nolan Patrick wins face-off versus Laurent Dauphin in neutral zone.
15:53 of 3rd period - 10 Minutes Misconduct Penalty to Louis Crevier is over.
16:22 of 3rd period - Snap shot by Alan Quine.
16:22 of 3rd period - Stopped by Christopher Gibson without a rebound.
16:23 of 3rd period - Glenn Gawdin wins face-off versus Dylan Gambrell in Boisbriand Armada zone.
16:24 of 3rd period - Snap shot by Laurent Dauphin.
16:24 of 3rd period - Deflect By Glenn Gawdin.
16:24 of 3rd period - Stopped by Christopher Gibson with a rebound.
16:35 of 3rd period - Icing by Glenn Gawdin.
16:36 of 3rd period - Glenn Gawdin wins face-off versus Alexander Holtz in Texas Stars zone.
16:45 of 3rd period - Wrist shot by Laurent Dauphin.
16:45 of 3rd period - Shot Blocked by Darren Raddysh.
16:46 of 3rd period - Roby Jarventie and Jon Lizotte fight to a draw.
16:46 of 3rd period - Penalty to Roby Jarventie for Fighting.
16:46 of 3rd period - Penalty to Jon Lizotte for Fighting.
16:47 of 3rd period - Glenn Gawdin wins face-off versus Nolan Patrick in Boisbriand Armada zone.
17:12 of 3rd period - Cedric Pare is hit by Nathan Legare and loses puck.
17:37 of 3rd period - Yan Kuznetsov is hit by Louis Crevier and loses puck.
17:52 of 3rd period - Wrist shot by Joseph Cramarossa.
17:52 of 3rd period - Shot Misses the Net.
17:56 of 3rd period - Slapshot by Xavier Simoneau.
17:56 of 3rd period - Shot Blocked by Adam Klapka.
17:58 of 3rd period - Slapshot by Connor Corcoran.
17:58 of 3rd period - Stopped by Christopher Gibson with a rebound.
18:00 of 3rd period - Backhand shot by Josh Jacobs.
18:00 of 3rd period - Stopped by Christopher Gibson with a rebound.
18:02 of 3rd period - Snap shot by Joseph Cramarossa.
18:02 of 3rd period - Goal by Joseph Cramarossa - Texas Stars : 9 - Boisbriand Armada : 4.
18:03 of 3rd period - Glenn Gawdin wins face-off versus Nolan Patrick in neutral zone.
18:36 of 3rd period - Snap shot by Joseph Cramarossa.
18:36 of 3rd period - Stopped by Christopher Gibson with a rebound.
18:38 of 3rd period - Slapshot by Joseph Cramarossa.
18:38 of 3rd period - Shot Misses the Net.
18:40 of 3rd period - Snap shot by James Greenway.
18:40 of 3rd period - Stopped by Christopher Gibson with a rebound.
19:10 of 3rd period - Darren Raddysh is hit by Glenn Gawdin and loses puck.
19:47 of 3rd period - Mason Primeau beats up Spencer Smallman.
19:47 of 3rd period - Penalty to Mason Primeau for Fighting.
19:47 of 3rd period - Penalty to Spencer Smallman for Fighting.
19:47 of 3rd period - Penalty to Mason Primeau for instigated a fight.
19:47 of 3rd period - Penalty to Mason Primeau for instigated and being the aggresor in a fight.
19:47 of 3rd period - Mason Primeau is ejected from game.
19:48 of 3rd period - Dylan Gambrell wins face-off versus Glenn Gawdin in Texas Stars zone.
Goals for this period are 5 for Texas Stars vs 2 for Boisbriand Armada.
Shots for this period are 17 for Texas Stars vs 9 for Boisbriand Armada.




Output by the SimonT Hockey Simulator (STHS) for Eric Tremblay - Original Page W3C HTML5 Valid
Hockey Simulator - Hockey Simulation - Hockey Manager